 Dungeon Crawl Stone Soup version 0.26-b1-52-g61e05abef2 (webtiles) character file.

Game seed: 732617860035062667

128 H0rd4k the Magician (level 4, -3/24 HPs)
             Began as a Deep Elf Hedge Wizard on Jan 5, 2021.
             Slain by an ice beast (9 damage)
             ... on level 2 of the Dungeon on Jan 7, 2021.
             The game lasted 00:05:43 (3644 turns).

H0rd4k the Magician (Deep Elf Hedge Wizard)         Turns: 3644, Time: 00:05:46

Health: -3/24      AC:  2    Str:  7    XL:     4   Next: 86%
Magic:  0/14       EV: 13    Int: 20    God:
Gold:   156        SH:  0    Dex: 14    Spells: 6/15 levels left

rFire    . . .     SeeInvis .   h - +1 dagger (protect)
rCold    . . .     Faith    .   (no shield)
rNeg     . . .     Spirit   .   b - +0 robe
rPois    .         Reflect  .   c - +0 hat
rElec    .         Harm     .   (no cloak)
rCorr    .         Rampage  .   (no gloves)
Will     .....                  (no boots)
Stlth    ++........             (no amulet)
HPRegen  0.08/turn              (no ring)
MPRegen  0.14/turn              (no ring)

@: very slightly contaminated
A: no striking features
a: no special abilities


You were on level 2 of the Dungeon.
You visited 1 branch of the dungeon, and saw 3 of its levels.

You collected 156 gold pieces.

Inventory:

Hand Weapons
 h - a +1 dagger of protection (weapon)
Missiles
 l - 6 atropa-tipped darts
Armour
 b - a +0 robe (worn)
 c - a +0 hat (worn)
Wands
 i - a wand of paralysis (6)
Scrolls
 a - a scroll of amnesia {unknown}
 e - 3 scrolls of identify {unknown}
 g - a scroll of blinking {unknown}
 j - a scroll of enchant weapon {unknown}
Potions
 d - a potion of flight {unknown}
 f - a potion of heal wounds {unknown}
 k - a potion of attraction {unknown}


   Skills:
 + Level 2.9 Dodging
 + Level 2.5 Stealth
 + Level 6.0 Spellcasting
 + Level 2.7 Conjurations
 + Level 1.1 Summonings
 + Level 1.1 Translocations
 + Level 1.0 Fire Magic
 + Level 1.0 Air Magic
 + Level 1.0 Poison Magic


You had 6 spell levels left.
You knew the following spells:

 Your Spells              Type           Power        Failure   Level
a - Magic Dart            Conj           64%          3%          1
b - Blink                 Tloc           N/A          10%         2
c - Conjure Flame         Conj/Fire      13%          14%         3
d - Mephitic Cloud        Conj/Pois/Air  12%          16%         3

Your spell library contained the following spells:

 Spells                   Type           Power        Failure   Level
 Call Imp                 Summ           10%          10%         2
 Slow                     Hex            6%           16%         2


Dungeon Overview and Level Annotations

Branches:
Dungeon (3/15)

Altars:
Dithmenos


Message History

You climb upwards.
There is a stone staircase leading down here.
Unknown command.
Casting: Magic Dart (safe; 3% risk of failure)
Confirm with . or Enter, or press ? or * to list all spells.
You don't have enough magic to cast that spell.
The adder bites you.
* * * LOW HITPOINT WARNING * * *
You see here a stone.
You see here a +0 club.
You see here a stone.
There is a stone staircase leading down here.
Casting: Magic Dart (safe; 3% risk of failure)
Confirm with . or Enter, or press ? or * to list all spells.
You miscast Blink.
You are very lightly contaminated with residual magic.
Nothing appears to happen.
The ice beast hits you.
* * * LOW HITPOINT WARNING * * *
The ice beast freezes you!
You die...

#######[#.###.#.#.#
#.......>.....#.#.####
#.........)####.#....#
#..........####.#....#
#..........()<#.#....#########
#........#.##(#.#.#...........
#........#.##S#.#.#.##########
#######.##.##Y#.#.#.#
#.##.##@#.#'#.######
#.##.##.#..........#
#.##.#(.#..........#
#.##.#..#..........#
#)##.#..#..........#
#.##.####..........####
#.##......#.#.........##
#.#########.#..######...
#.......................


You could see an ice beast and an adder.

Vanquished Creatures
  3 gnolls
  4 adders
  A worm (D:3)
  2 leopard geckos
  3 bats
  4 goblins (D:2)
  11 hobgoblins
  10 jackals
  9 kobolds
  A quokka (D:2)
  5 frilled lizards
  A rat (D:2)
54 creatures vanquished.

Notes
Turn   | Place    | Note
-------+----------+-------------------------------------------
     0 | D:1      | H0rd4k the Deep Elf Hedge Wizard began the quest for the
                  | Orb.
     0 | D:1      | Reached XP level 1. HP: 10/10 MP: 7/7
   285 | D:1      | Reached skill level 5 in Spellcasting
   457 | D:1      | Reached XP level 2. HP: 15/15 MP: 5/10
  1533 | D:2      | Reached XP level 3. HP: 2/19 MP: 6/12
  1536 | D:2      | Learned a level 2 spell: Blink
  1540 | D:2      | Learned a level 3 spell: Conjure Flame
  1544 | D:2      | Learned a level 3 spell: Mephitic Cloud
  2815 | D:3      | Reached XP level 4. HP: 24/24 MP: 5/13
  2924 | D:3      | Found a shadowy altar of Dithmenos.
  3175 | D:2      | Reached skill level 1 in Air Magic
  3181 | D:2      | Upgraded the game from 0.26-b1-32-g5d43845318 to
                  | 0.26-b1-52-g61e05abef2
  3537 | D:3      | Reached skill level 6 in Spellcasting
  3537 | D:3      | Reached skill level 1 in Fire Magic
  3537 | D:3      | Reached skill level 1 in Poison Magic
  3567 | D:3      | Noticed an ice beast
  3644 | D:2      | Slain by an ice beast

Illustrated notes

Levels and vault maps discovered:
D:1:      shiori_arrival_elements, layout_basic, hangedman_decor_riveting
D:2:      layout_basic
D:3:      wander_river, layout_rooms, old_standard_altar,
          lemuel_zombie_altar_kikubaaqudgha, grunt_gozag_statues

Skill      XL: |  1  2  3  4 |
---------------+-------------+-----
Spellcasting   | 5 6 |  6.0
Conjurations   | 2 |  2.7
Air Magic      | 1 |  1.0
Fire Magic     | 1 |  1.0
Poison Magic   | 1 |  1.0
Dodging        | |  2.9
Stealth        | |  2.5
Summonings     | |  1.1
Translocations | |  1.1

Action                   |  1- 3 |  4- 6 || total
-------------------------+-------+-------++-------
Melee: Dagger            |     7 |     1 ||     8
 Cast: Magic Dart        |   125 |    68 ||   193
       Conjure Flame     |       |     3 ||     3
       Blink             |       |     2 ||     2
Armor: Robe              |     6 |     2 ||     8
Dodge: Dodged            |    28 |    14 ||    42
